 Dungeon Crawl Stone Soup version 0.31.0-32-g396128a36d (webtiles) character file.

Game seed: 16074572188067866483

51 blah the Trooper (level 3, 0/15 (34) HPs)
             Began as a Hill Orc Fighter on Mar 27, 2024.
             Killed from afar by an orc wizard (8 damage)
             ... with a magic dart
             ... on level 2 of the Dungeon.
             The game lasted 00:05:46 (1126 turns).

blah the Trooper (Hill Orc Fighter)                 Turns: 1126, Time: 00:05:46

HP:   0/15 (34)     AC:  7    Str: 20    XL:     3   Next: 83%
MP:   3/3           EV:  9    Int:  8    God:
Gold: 43            SH:  4    Dex: 10    Spells: 2/2 levels left

rFire   . . .        a - +0 war axe
rCold   . . .        c - +0 buckler
rNeg    . . .        b - +0 scale mail
rPois   .            (no helmet)
rElec   .            (no cloak)
rCorr   .            (no gloves)
SInv    .            (no boots)
Will    .....        (no amulet) Stlth
                     (no ring)
HPRegen 0.22/turn    (no ring)
MPRegen 0.08/turn

%: no passive effects
@: extremely drained
A: no striking features
a: no special abilities


You were on level 2 of the Dungeon.
You visited 1 branch of the dungeon, and saw 2 of its levels.

You collected 43 gold pieces.

Inventory:

Hand Weapons
 a - a +0 war axe (weapon)
Missiles
 e - 18 stones (quivered)
Armour
 b - a +0 scale mail (worn)
 c - a +0 buckler (worn)
Scrolls
 h - a scroll of blinking {unknown}
Potions
 d - a potion of might
 f - a potion of curing {unknown}
 g - a potion of magic {unknown}
 i - a potion of experience {unknown}
 j - 2 potions of heal wounds {unknown}
 k - a potion of attraction {unknown}
 l - a potion of lignification {unknown}


   Skills:
 + Level 4.3 Fighting
 + Level 3.5 Axes
 + Level 4.0 Armour
 + Level 3.5 Shields


You had 2 spell levels left.
You didn't know any spells.
Your spell library contained the following spells:

 Spells                   Type           Power      Damage    Failure   Level
 Ensorcelled Hibernation  Hex/Ice        0%         N/A       92%         2
 Call Canine Familiar     Summ           0%         N/A       99%         3
 Passwall                 Erth           0%         N/A       99%         3
 Sigil of Binding         Hex            0%         N/A       99%         3
 Swiftness                Air            0%         N/A       99%         3
 Dimensional Bullseye     Hex/Tloc       0%         N/A       100%        4


Dungeon Overview and Level Annotations

Branches:
Dungeon (2/15)

Altars:


Message History

You closely miss the orc.
The orc is severely wounded.
You barely miss something. Something hits you but does no damage.
You feel drained. You block the orc's attack.
You closely miss the orc.
The orc is severely wounded.
You closely miss something.
You hear some strange, mumbled words.
Something tries to affect you, but you resist.
The orc hits you with a +0 hand axe. x2; Something hits you.
You feel drained.
You completely miss the orc.
The orc is severely wounded.
You barely miss something. Something hits you but does no damage.
You feel drained. The orc hits you with a +0 hand axe.
You slash the orc!
You kill the orc!
You barely miss something. Something hits you but does no damage.
You feel drained.
You barely miss something. Something hits you but does no damage.
You feel drained. Something hits you.
You feel drained.
You hit something. Something hits you.
You feel drained.
You miss something. Something hits you but does no damage.
You feel drained.
You hit something but do no damage. Something hits you.
You feel drained. Something hits you but does no damage.
You feel drained.
You barely miss something. Something hits you.
You feel drained. Something hits you but does no damage.
You feel drained.
You hear some strange, mumbled words.
A puff of flame appears from out of thin air!
The puff of flame hits you.
Things that are here:
a +0 dagger; a +0 flail; an orc corpse You barely miss something.
Something hits you but does no damage.
You feel drained. Something hits you but does no damage.
You feel drained.
You miss something. Something completely misses you.
You miss something.
You hear some strange, mumbled words.
A magic dart appears from out of thin air!
The magic dart hits you!
Ouch! That really hurt!
You die...

#. #.# #.## #...
#..# #..# #..#
#{@# ##.########
#..........
.#####..########
.......[#
.######.# #.#
#.# ## ##.# #.#
.# #...#
#.######


There were no monsters in sight!

Vanquished Creatures
  2 adders (D:2)
  A dart slug (D:2)
  3 orcs (D:2)
  3 ball pythons (D:2)
  4 endoplasms
  A giant cockroach (D:1)
  A goblin (D:1)
  2 hobgoblins
  2 quokkas
  3 bats (D:1)
  A frilled lizard (D:1)
  3 kobolds
  A rat (D:1)
27 creatures vanquished.

Notes
Turn   | Place    | Note
-------+----------+-------------------------------------------
     0 | D:1      | blah the Hill Orc Fighter began the quest for the Orb.
     0 | D:1      | Reached XP level 1. HP: 19/19 MP: 1/1
    70 | D:1      | Found a faded altar of an unknown god.
   291 | D:1      | Reached XP level 2. HP: 27/27 MP: 2/2
  1060 | D:2      | Reached XP level 3. HP: 32/33 MP: 3/3
  1126 | D:2      | Killed from afar by an orc wizard

Illustrated notes

Levels and vault maps discovered:
D:1:      lightli_arrival_boilingwater, layout_basic,
          hellmonk_ecumenical_altar_pennies_from_heaven
D:2:      layout_loops_ring, minmay_misc_feat_encased, uniq_sigmund

Skill      XL: |  1  2  3 |
---------------+----------+-----
Fighting       | 4 |  4.3
Axes           | 3 |  3.5
Armour         | 4 |  4.0
Shields        | |  3.5

Action                     || total
---------------------------++-------
  Melee: War axe           ||    87
  Throw: Stone             ||     5
 Armour: Scale mail        ||    77
  Dodge: Dodged            ||    38
  Block: Buckler           ||    14
